 Dungeon Crawl Stone Soup version 0.29-a0-338-g1ff7896281 (webtiles) character file.

Game seed: 586792375389841923

171 avis the Ruffian (level 5, -3/48 HPs)
             Began as a Hill Orc Monk on Apr 17, 2022.
             Was a Believer of Beogh.
             Slain by a phantom (7 damage)
             ... on level 4 of the Dungeon.
             The game lasted 00:15:26 (4379 turns).

avis the Ruffian (Hill Orc Monk)                    Turns: 4379, Time: 00:15:27

Health: -3/48      AC:  2    Str: 16    XL:     5   Next: 51%
Magic:  5/5        EV: 12    Int: 10    God:    Beogh [**....]
Gold:   92         SH:  0    Dex: 13    Spells: 4/4 levels left

rFire   . . .      SeeInvis .     - Unarmed
rCold   . . .      Faith    .   (no shield)
rNeg    . . .      Spirit   .   a - +0 robe
rPois   .          Reflect  .   (no helmet)
rElec   .          Harm     .   (no cloak)
rCorr   .          Rampage  .   (no gloves)
Will    .....                   (no boots)
Stlth   ++........              (no amulet)
HPRegen 0.16/turn               (no ring)
MPRegen 0.09/turn               (no ring)

@: no status effects
A: no striking features
a: Renounce Religion, Smiting


You were on level 4 of the Dungeon.
You worshipped Beogh.
Beogh was pleased with you.
You visited 1 branch of the dungeon, and saw 4 of its levels.

You collected 92 gold pieces.

Inventory:

Hand Weapons
 b - a +0 hunting sling
 c - a +0 spear
 s - a +0 spear
 u - a +0 trident
 w - a +3 spear
 x - a +1 vampiric spear
 z - a +0 trident
 A - a +2 short sword of holy wrath
Missiles
 d - 69 stones (quivered)
Armour
 a - a +0 robe (worn)
 f - a +0 chain mail
Wands
 y - a wand of digging (4)
Scrolls
 h - a scroll of brand weapon {unknown}
 i - a scroll of magic mapping {unknown}
 j - 2 scrolls of noise {unknown}
 l - 3 scrolls of identify {unknown}
 o - 3 scrolls of teleportation {unknown}
 p - 2 scrolls of enchant weapon {unknown}
 q - a scroll of amnesia {unknown}
 t - a scroll of fear {unknown}
 v - 2 scrolls of vulnerability {unknown}
Potions
 e - 2 potions of resistance {unknown}
 g - a potion of mutation {unknown}
 k - a potion of attraction {unknown}
 m - a potion of ambrosia
 n - a potion of flight {unknown}
 r - a potion of invisibility {unknown}
 B - a potion of curing {unknown}


   Skills:
 + Level 5.0 Fighting
 - Level 2.4 Dodging
 - Level 1.5 Stealth
 * Level 5.7 Unarmed Combat


You had 4 spell levels left.
You didn't know any spells.
Your spell library contained the following spells:

 Spells                   Type           Power      Damage    Failure   Level
 Call Canine Familiar     Summ           0%         N/A       75%         3
 Portal Projectile        Hex/Tloc       0%         N/A       75%         3
 Leda's Liquefaction      Hex/Erth       0%         N/A       98%         4


Dungeon Overview and Level Annotations

Branches:
Dungeon (4/15)
 Temple: D:4-7

Altars:
The Shining One

Shops:
D:1 [

Annotations:
D:2 exclusion: scorpion


Message History

The phantom hits you.
You are too injured to fight recklessly!
You are too injured to fight recklessly!
You are too injured to fight recklessly!
You are too injured to fight recklessly!
You hit the phantom but do no damage.
The phantom is almost destroyed.
The phantom hits you.
The phantom blinks!
You blink.
You closely miss the phantom.
The phantom is almost destroyed.
The phantom hits you.
The phantom blinks!
You blink.
You hit the phantom but do no damage.
The phantom is almost destroyed.
You hit the phantom but do no damage.
The phantom is almost destroyed.
The phantom hits you.
You hit the phantom but do no damage.
The phantom is almost destroyed.
The phantom hits you.
* * * LOW HITPOINT WARNING * * *
The phantom blinks!
You blink.
Found 10 gold pieces.
You miss the phantom.
The phantom is almost destroyed.
The phantom hits you!
* * * LOW HITPOINT WARNING * * *
The phantom blinks!
You blink.
You hit the phantom but do no damage.
The phantom is almost destroyed.
The phantom misses you.
You hit the phantom.
The phantom is almost destroyed.
The phantom hits you.
* * * LOW HITPOINT WARNING * * *
You hit the phantom.
The phantom is almost destroyed.
The phantom hits you but does no damage.
You closely miss the phantom.
The phantom is almost destroyed.
The phantom hits you!
You die...

########..##..##.....#........
#............##...............
##.########..##................
#..>.....##..##................
#.#...........................#
#.#.......#.###...............#
#.#..........#.................
#..#......#................#####
........<####...@............#
#..####### #..W..#.....#.#...
..# #.....#######.##.$ .
###..... #####... ####


You could see a phantom.

Vanquished Creatures
  A hound (D:4)
  4 gnolls
  2 adders (D:3)
  A worm (D:3)
  A dart slug (D:2)
  16 orcs
  5 endoplasms
  2 giant cockroaches
  5 goblins
  4 hobgoblins
  6 quokkas
  4 ball pythons
  A bat (D:2)
  2 frilled lizards
  4 kobolds
  A rat (D:1)
59 creatures vanquished.

Notes
Turn   | Place    | Note
-------+----------+-------------------------------------------
     0 | D:1      | avis the Hill Orc Monk began the quest for the Orb.
     0 | D:1      | Reached XP level 1. HP: 19/19 MP: 1/1
   363 | D:1      | Reached XP level 2. HP: 24/27 MP: 2/2
   514 | D:1      | Found Opnef's Armour Emporium.
   946 | D:2      | Reached XP level 3. HP: 32/33 MP: 3/3
   957 | D:2      | Found a glowing golden altar of the Shining One.
  1004 | D:2      | Found a faded altar of an unknown god.
  1336 | D:2      | Noticed a scorpion
  2108 | D:3      | Reached XP level 4. HP: 27/41 MP: 4/4
  2709 | D:2      | Reached skill level 5 in Unarmed Combat
  2711 | D:2      | HP: 2/41 [gnoll/+0 club (6)]
  3238 | D:3      | Became a worshipper of Beogh the Brigand
  3238 | D:3      | Reached * piety under Beogh
  3238 | D:3      | Reached ** piety under Beogh
  3504 | D:3      | Reached XP level 5. HP: 38/47 MP: 5/5
  4271 | D:4      | Reached skill level 5 in Fighting
  4339 | D:4      | Noticed a phantom
  4379 | D:4      | Slain by a phantom

Illustrated notes

Levels and vault maps discovered:
D:1:      psy_arrival_terrarium, layout_basic, serial_shops, shop
D:2:      layout_loops_cross, basic_altar, nicolae_ecumenical_lake_church
D:3:      layout_basic
D:4:      layout_rooms, roderic_malta_cross

Skill      XL: |  1  2  3  4  5 |
---------------+----------------+-----
Fighting       | 4 5 |  5.0
Unarmed Combat | 4 5 |  5.7
Dodging        | |  2.4
Stealth        | |  1.5

Action                   |  1- 3 |  4- 6 || total
-------------------------+-------+-------++-------
Melee: Unarmed           |   106 |    97 ||   203
       Punch             |     3 |     2 ||     5
 Fire: Hunting sling     |    41 |    29 ||    70
Invok: Convert to Beogh  |       |     1 ||     1
 Stab: Sleeping          |     2 |     2 ||     4
Armor: Robe              |    10 |     8 ||    18
Dodge: Dodged            |    52 |    46 ||    98

Table legend: (Time is in decaauts)
 A = Elapsed time spent in this place.
 B = Non-inter-level travel time spent in this place.
 C = Inter-level travel time spent in this place.
 D = Time resting spent in this place.
 E = Time spent auto-exploring this place.
 F = Levels seen in this place.
 G = Mean time per level.
                   A        B        C        D        E       F      G
               +--------+--------+--------+--------+--------+-----+--------+
         Total |   4378 |   4046 |    332 |   1731 |   1527 |   4 | 1094.5 |
       Dungeon |   4378 |   4046 |    332 |   1731 |   1527 |   4 | 1094.5 |
               +--------+--------+--------+--------+--------+-----+--------+

Top non-repeatable levels by time:
     D:2: 1762 daAuts
     D:3: 1502 daAuts
     D:1: 918 daAuts
     D:4: 195 daAuts
